 Dungeon Crawl Stone Soup version 0.27.1-33-g824d729ab1 (webtiles) character file.

Game seed: 9911583454362395008

70 jlumianski the Skirmisher (level 4, -1/29 HPs)
             Began as a Gargoyle Monk on Dec 14, 2021.
             Slain by a black bear (5 damage)
             ... on level 2 of the Dungeon on Dec 15, 2021.
             The game lasted 00:08:26 (1216 turns).

jlumianski the Skirmisher (Gargoyle Monk)           Turns: 1216, Time: 00:08:27

Health: -1/29      AC:  7    Str: 16    XL:     4   Next: 21%
Magic:  4/4        EV: 12    Int: 10    God:
Gold:   45         SH:  0    Dex: 12    Spells: 2/3 levels left

rFire    . . .     SeeInvis .   p - +2 dagger (venom)
rCold    . . .     Faith    .   (no shield)
rNeg     + . .     Spirit   .   f - +0 leather armour
rPois    ∞         Reflect  .   m - +0 helmet
rElec    +         Harm     .   (no cloak)
rCorr    .         Rampage  .   (no gloves)
Will     .....                  (no boots)
Stlth    ++........             (no amulet)
HPRegen  0.09/turn              d - +4 ring of slaying
MPRegen  0.09/turn              (no ring)

@: no status effects
A: sickness immunity, AC +3, negative energy resistance 1, electricity
resistance, torment resistance 1, petrification resistance
a: no special abilities


You were on level 2 of the Dungeon.
You visited 1 branch of the dungeon, and saw 2 of its levels.

You collected 45 gold pieces.

Inventory:

Hand Weapons
 a - a +0 hand axe
 e - a +2 dagger of protection
 p - a +2 dagger of venom (weapon)
Missiles
 c - 19 bolts
 g - 24 sling bullets
 k - 24 stones (quivered)
Armour
 b - a +0 robe
 f - a +0 leather armour (worn)
 m - a +0 helmet (worn)
Jewellery
 d - a +4 ring of slaying (left hand)
Scrolls
 h - a scroll of identify {unknown}
 n - a scroll of enchant armour {unknown}
Potions
 i - a potion of haste {unknown}
 j - a potion of might {unknown}
 l - a potion of ambrosia {unknown}
 o - a potion of mutation {unknown}


   Skills:
 + Level 3.6 Fighting
 + Level 0.7 Short Blades
 + Level 3.0 Axes
 + Level 0.8 Armour
 + Level 3.1 Dodging
 + Level 2.3 Stealth
 + Level 0.2 Spellcasting
 * Level 0.7 Necromancy


You had 2 spell levels left.
You knew the following spells:

 Your Spells              Type           Power      Damage    Failure   Level
a - Pain                  Necr           4%         1d4       32%         1

Your spell library contained the following spells:

 Spells                   Type           Power      Damage    Failure   Level
 Animate Skeleton         Necr           2%         N/A       32%         1
 Vampiric Draining        Necr           0%         2d6       69%         3
 Cause Fear               Hex            0%         N/A       99%         4
 Dragon Form              Tmut           0%         N/A       100%        7
 Dragon's Call            Summ           0%         N/A       100%        9


Dungeon Overview and Level Annotations

Branches:
Dungeon (2/15)

Altars:

Shops:
D:2 *


Innate Abilities, Weirdness & Mutations

You are immune to sickness and miasma.
Your stone body is resilient. (AC +3)
You are immune to poison.
You resist negative energy. (rN+)
You are resistant to electric shocks. (rElec)
You are resistant to unholy torment.
You are immune to petrification.


Message History

An endoplasm comes into view.
You see here a book of the Dragon.
You pick up a book of the Dragon and begin reading...
You add the spells Cause Fear, Dragon Form and Dragon's Call to your library.
The endoplasm quivers.
Okay, then.
Found a faded altar of an unknown god.
You puncture the endoplasm!
You kill the endoplasm!
There is a faded altar of an unknown god here.
A black bear comes into view.
The black bear growls angrily.
You hear an angry hiss.
An adder comes into view.
Found a runed whip.
The black bear bites you!
The black bear claws you but does no damage. x2
The black bear barely misses you. The black bear closely misses you.
The black bear claws you but does no damage.
You completely miss the black bear. The black bear closely misses you.
The black bear claws you.
The black bear claws you but does no damage.
You hit the black bear but do no damage.
The black bear is poisoned.
The black bear bites you but does no damage.
The black bear claws you but does no damage.
The black bear barely misses you.
You hit the black bear.
The black bear looks as sick as possible!
The black bear is lightly wounded.
The black bear bites you but does no damage.
The black bear claws you.
The black bear claws you but does no damage.
The black bear bites you. The black bear barely misses you.
The black bear claws you but does no damage.
The black bear goes berserk!
The black bear rages.
The black bear bites you!
* * * LOW HITPOINT WARNING * * *
The black bear claws you but does no damage.
The black bear claws you.
You die...

#. #.#######..##†####.#.###
#.####8............#.......##
#........####.....##.####..##
###.8.8.8.8##........# #....
#...._...##........# ##...
##....8.8##...#.##.# #.##
###....###.....# .# #.##
######..8.####..### . ..##
#.........Sh@#... . #####
#.####.#####.# . #.# #.# ##
#.# #.# #.## #.# #..# #.#
##.# #.# #.####.# #...#


You could see a black bear (berserk, very poisoned) and an adder.

Vanquished Creatures
  Robin (D:1)
  An adder (D:2)
  2 dart slugs
  3 ball pythons
  2 bats
  2 endoplasms
  A giant cockroach (D:1)
  11 goblins
  6 hobgoblins
  2 kobolds (D:2)
  3 quokkas
  A frilled lizard (D:1)
  3 rats (D:2)
38 creatures vanquished.

Vanquished Creatures (others)
  2 plants (D:2)
2 creatures vanquished.

Grand Total: 40 creatures vanquished

Notes
Turn   | Place    | Note
-------+----------+-------------------------------------------
     0 | D:1      | jlumianski the Gargoyle Monk began the quest for the Orb.
     0 | D:1      | Reached XP level 1. HP: 14/14 MP: 1/1
   280 | D:1      | Reached XP level 2. HP: 19/19 MP: 2/2
   736 | D:2      | Learned a level 1 spell: Pain
   762 | D:2      | Found Eluggau's Assorted Antiques.
   818 | D:2      | Reached XP level 3. HP: 23/23 MP: 3/3
   830 | D:2      | Noticed Robin
  1000 | D:1      | Killed Robin
  1149 | D:2      | Reached XP level 4. HP: 28/29 MP: 4/4
  1176 | D:2      | Found a faded altar of an unknown god.
  1198 | D:2      | Noticed a black bear
  1216 | D:2      | Slain by a black bear

Illustrated notes

Levels and vault maps discovered:
D:1:      lightli_arrival_noodles, layout_loops_ring
D:2:      cheibrodos_old_hovel, layout_loops_ring, serial_shops,
          nicolae_shop_overgrown_old_shop, ebering_ecumenical_altar_ruins,
          uniq_robin, uniq_natasha

Skill      XL: |  1  2  3 |
---------------+----------+-----
Axes           | 3 |  3.0
Dodging        | 3 |  3.1
Fighting       | |  3.6
Short Blades   | |  0.7
Armour         | |  0.8
Stealth        | |  2.3
Spellcasting   | |  0.2
Necromancy     | |  0.7

Action                   |  1- 3 |  4- 6 || total
-------------------------+-------+-------++-------
Melee: Hand axe          |     8 |       ||     8
       Dagger            |    91 |    16 ||   107
 Cast: Pain              |     6 |       ||     6
 Stab: Sleeping          |     1 |       ||     1
Armor: Leather armour    |    42 |    15 ||    57
       Robe              |     2 |       ||     2
Dodge: Dodged            |    61 |     6 ||    67
